 Dungeon Crawl Stone Soup version 0.27.0-1-g7a089689b8 (webtiles) character file.

Game seed: 1458152295151809505

4 sanka the Grave Robber (level 1, -1/10 HPs)
             Began as a Gargoyle Necromancer on Aug 4, 2021.
             Frozen to death by an endoplasm (5 damage)
             ... on level 1 of the Dungeon.
             The game lasted 00:00:34 (435 turns).

sanka the Grave Robber (Gargoyle Necromancer)        Turns: 435, Time: 00:00:34

Health: -1/10      AC:  4    Str: 11    XL:     1   Next: 60%
Magic:  1/3        EV: 11    Int: 15    God:
Gold:   0          SH:  0    Dex: 10    Spells: 3/4 levels left

rFire    . . .     SeeInvis .   (no weapon)
rCold    . . .     Faith    .   (no shield)
rNeg     + . .     Spirit   .   a - +0 robe
rPois    ∞         Reflect  .   (no helmet)
rElec    +         Harm     .   (no cloak)
rCorr    +         Rampage  .   (no gloves)
Will     .....                  (no boots)
Stlth    ++........             (no amulet)
HPRegen  0.03/turn              (no ring)
MPRegen  0.08/turn              b - ring of resist corrosion

@: no status effects
A: sickness immunity, AC +2, negative energy resistance 1, electricity
resistance, torment resistance 1, petrification resistance
a: no special abilities


You were on level 1 of the Dungeon.
You visited 1 branch of the dungeon, and saw 1 of its levels.


Innate Abilities, Weirdness & Mutations

You are immune to sickness and miasma.
Your stone body is resilient. (AC +2)
You are immune to poison.
You resist negative energy. (rN+)
You are resistant to electric shocks. (rElec)
You are resistant to unholy torment.
You are immune to petrification.


   Skills:
 - Level 1.5 Dodging
 - Level 2.1 Stealth
 - Level 2.0 Spellcasting
 + Level 3.4 Necromancy


You had 3 spell levels left.
You knew the following spells:

 Your Spells              Type           Power      Damage    Failure   Level
z - Pain                  Necr           44%        1d6       5%          1

Your spell library contained the following spells:

 Spells                   Type           Power      Damage    Failure   Level
 Animate Skeleton         Necr           22%        N/A       5%          1
 Vampiric Draining        Necr           5%         2d6       16%         3
 Animate Dead             Necr           5%         N/A       47%         4
 Agony                    Necr           11%        N/A       83%         5

Inventory:

Armour
 a - a +0 robe (worn)
Jewellery
 b - a ring of resist corrosion (right hand)
Scrolls
 c - a scroll of immolation {unknown}

Dungeon Overview and Level Annotations

Branches:
Dungeon (1/15)

Altars:

▒.....▒..▒.▒P
▒.....▒..▒.▒. ▒▒
▒.....▒..▒.▒. . ▒.⌠
▒▒▒▒▒▒▒..▒.▒. ..▒▒.▒▒
▒..▒†▒. .▒..▒..▒▒▒▒▒
▒..▒.▒. ...........▒
▒..▒.▒. ▒..........▒
▒P.▒.▒.
▒....J8...▒▒▒▒▒▒▒P ▒.▒
▒...............▒▒▒▒.▒
▒▒▒▒▒▒▒▒▒▒▒▒▒▒▒......▒
▒▒▒▒▒▒▒▒


You could see an endoplasm.


Message History

You hit the endoplasm.
The endoplasm is heavily wounded.
The endoplasm freezes you.
You are frozen.
You barely miss the endoplasm.
The endoplasm is heavily wounded.
The endoplasm hits you but does no damage.
You hit the endoplasm.
The endoplasm is severely wounded.
The endoplasm misses you.
You barely miss the endoplasm.
The endoplasm is severely wounded.
The endoplasm misses you.
You hit the endoplasm.
The endoplasm is almost dead.
The endoplasm hits you.
* * * LOW HITPOINT WARNING * * *
You barely miss the endoplasm.
The endoplasm is almost dead.
The endoplasm hits you.
* * * LOW HITPOINT WARNING * * *
You barely miss the endoplasm.
The endoplasm is almost dead.
The endoplasm hits you but does no damage.
You hit the endoplasm but do no damage.
The endoplasm is almost dead.
The endoplasm freezes you.
You are frozen.
Ouch! That really hurt!
You die...

Action                   || total
-------------------------++-------
Melee: Unarmed           ||    24
 Cast: Pain              ||     7
Armor: Robe              ||    13
Dodge: Dodged            ||    10

Levels and vault maps discovered:
D:1:      psy_arrival_statuary, layout_rooms, serial_aquarium,
          aquarium_bridge_square [aquarium_subvault_wall,
          aquarium_subvault_bridge, aquarium_subvault_balcony,
          aquarium_subvault_bridge], aquarium_window_1, aquarium_window_1,
          aquarium_window_corridor_3, aquarium_view_2d, aquarium_pool_2,
          shapermc_ecumenical_altar_mp_highgroup, grunt_decor_one_mirror

Notes
Turn   | Place    | Note
-------+----------+-------------------------------------------
     0 | D:1      | sanka the Gargoyle Necromancer began the quest for the Orb.
     0 | D:1      | Reached XP level 1. HP: 10/10 MP: 3/3
   435 | D:1      | Frozen to death by an endoplasm

Vanquished Creatures
  A goblin (D:1)
  A ball python (D:1)
  A frilled lizard (D:1)
  A kobold (D:1)
  A rat (D:1)
5 creatures vanquished.
